Map: Disco Bloodbath LE

Players

pHARM - Winner!

  • Race: Zerg Zerg
  • League: Platinum
  • Spawn Location: 9:00

Yourself

  • Race: Zerg Zerg
  • League: Platinum
  • Spawn Location: 3:00

VOD

Have the link to the VOD?

Description

Time

  • Played on: Sept. 7, 2019, 4:35 p.m.
  • Length: 17:24
Show
View Real Time Build Order
Export as new Build Order

pHARM Zerg - Winner!

Build Orders: Pool First, Lurkers, Roach Hydra 

Get SALT Encoding   

  12  0:01  Drone  
  13  0:16  Overlord  
  13  0:23  Drone  
  14  0:34  Drone x2  
  16  0:44  Drone  
  17  0:51  Drone  
  18  1:10  Drone  
  19  1:14  Spawning Pool  
  19  1:15  Hatchery  
  17  1:22  Drone x2  
  19  1:33  Drone  
  20  1:45  Drone  
  21  1:57  Overlord  
  21  2:05  Drone  
  22  2:25  Zergling x2  
  22  2:26  Zergling x2  
  22  2:28  Zergling x2  
  22  2:29  Queen x2  
  29  2:40  Zergling x4  
  31  2:47  Zergling x2  
  31  2:50  Spine Crawler  
  31  2:55  Drone  
  32  3:15  Drone x4  
  36  3:28  Overlord x2  
  36  3:48  Drone x6  
  42  3:55  Hatchery  
  42  3:57  Extractor  
  42  3:58  Extractor  
  39  4:03  Drone x3  
  39  4:05  Overlord  
  42  4:11  Extractor  
  42  4:12  Extractor  
  40  4:19  Queen  
  42  4:26  Evolution Chamber, Roach Warren  
  42  4:28  Evolution Chamber  
  42  4:29  Drone  
  42  4:30  Drone x6  
  46  4:37  Drone  
  47  4:57  Drone x8  
  55  5:03  Zerg Missile Weapons Level 1  
  55  5:12  Hatchery  
  54  5:28  Lair  
  54  5:29  Drone  
  54  5:33  Roach  
  54  5:34  Roach x4  
  65  5:39  Overlord x5  
  62  5:48  Roach x2  
  64  6:04  Drone x3  
  66  6:22  Roach x6  
  78  6:27  Glial Reconstitution  
  78  6:30  Hatchery, Zerg Ground Armor Level 1  
  77  6:37  Hydralisk Den  
  76  7:02  Drone x2  
  76  7:06  Roach x7  
  92  7:12  Overlord x3  
  92  7:24  Grooved Spines  
  92  7:25  Zerg Missile Weapons Level 2  
  94  7:44  Roach x9  
  110  8:14  Drone x10  
  110  8:17  Overlord x2  
  116  8:36  Muscular Augments  
  90  9:01  Hydralisk x14  
  114  9:15  Overlord x3  
  114  9:18  Extractor  
  114  9:19  Hatchery, Extractor  
  111  9:25  Lurker Den  
  111  9:26  Zerg Ground Armor Level 2  
  110  9:32  Drone x6  
  116  9:54  Drone x3  
  119  10:19  Infestation Pit  
  118  10:27  Hydralisk  
  118  10:28  Hydralisk x8  
  136  10:38  Overlord  
  136  11:07  Lurker x4  
  136  11:08  Lurker x8  
  136  11:09  Roach  
  136  11:10  Roach  
  152  11:17  Overlord  
  152  11:18  Overlord x9  
  148  11:43  Drone x3  
  148  11:44  Drone x4  
  152  12:24  Roach x8  
  152  12:25  Roach x7  
  173  13:04  Lurker x9  
  178  13:06  Roach  
  178  13:07  Roach x10  
  152  14:17  Spire  
  126  14:27  Roach x4  
  126  14:28  Roach x11  
  120  14:48  Hydralisk x5  
  120  14:49  Hydralisk x2  
  128  14:53  Hive  
  119  15:11  Hatchery  
  115  15:17  Hydralisk x11  
  115  15:18  Hydralisk x2  
  141  15:32  Corruptor  
  141  15:33  Corruptor x4  
  151  15:44  Corruptor x7  
  165  15:55  Extractor  
  164  15:57  Extractor  
  163  16:14  Hatchery  
  142  16:39  Hydralisk x8  
  134  16:40  Hydralisk x11  
Show
View Real Time Build Order
Export as new Build Order

Yourself Zerg 

Build Orders: Hatch First 

Get SALT Encoding   

  12  0:01  Drone  
  13  0:13  Overlord  
  13  0:16  Drone  
  14  0:43  Hatchery  
  14  0:45  Drone  
  14  1:00  Spawning Pool  
  13  1:05  Drone  
  13  1:09  Drone  
  15  1:13  Drone  
  16  1:19  Drone, Extractor  
  16  1:26  Drone  
  17  1:38  Drone  
  18  1:48  Zergling x2  
  18  1:50  Queen  
  21  1:54  Queen  
  21  1:56  Zergling x2  
  21  1:59  Drone  
  25  2:07  Drone  
  26  2:10  Drone  
  27  2:16  Overlord  
  27  2:19  Metabolic Boost  
  27  2:23  Drone  
  28  2:35  Drone x2  
  30  2:41  Drone  
  30  2:44  Overlord  
  31  2:49  Drone  
  32  2:59  Drone  
  32  3:00  Drone  
  32  3:02  Drone  
  32  3:03  Drone x2  
  36  3:13  Drone  
  36  3:14  Drone x4  
  36  3:15  Drone  
  42  3:20  Roach Warren  
  42  3:22  Evolution Chamber  
  42  3:24  Spine Crawler  
  42  3:25  Drone  
  40  3:29  Overlord  
  40  3:33  Drone  
  40  3:37  Drone  
  41  3:43  Extractor  
  41  3:45  Extractor  
  41  3:46  Drone  
  41  3:47  Drone x2  
  41  3:48  Drone  
  43  3:51  Zerg Missile Weapons Level 1  
  43  3:52  Zergling x2  
  44  3:59  Zergling x4  
  44  4:00  Zergling x2  
  44  4:02  Overlord x2  
  47  4:06  Lair  
  47  4:12  Zergling x4  
  49  4:24  Queen  
  51  4:32  Hatchery  
  50  4:42  Roach  
  50  4:43  Roach x6  
  64  4:56  Drone  
  64  4:57  Extractor  
  64  4:58  Overlord x2  
  64  5:04  Drone x4  
  68  5:09  Overlord x3  
  68  5:18  Drone  
  69  5:26  Drone x4  
  70  5:46  Drone x3  
  70  5:48  Queen  
  73  5:51  Roach  
  73  6:00  Glial Reconstitution  
  73  6:01  Roach x2  
  73  6:02  Zerg Missile Weapons Level 2, Roach x3  
  83  6:04  Roach  
  81  6:13  Roach x3  
  81  6:18  Drone x2  
  89  6:20  Drone x4  
  93  6:36  Hydralisk Den  
  90  6:52  Roach  
  90  6:53  Drone x2  
  94  6:55  Drone x2  
  94  6:56  Drone x3  
  99  7:12  Infestation Pit  
  99  7:13  Spire, Drone x3  
  100  7:16  Zergling x4  
  100  7:17  Zergling x10  
  107  7:33  Overseer  
  107  7:35  Drone x3  
  107  7:36  Extractor  
  109  7:38  Extractor  
  108  7:45  Roach  
  108  7:46  Overlord x5, Roach x2  
  108  7:48  Hatchery  
  113  7:52  Spine Crawler  
  113  7:53  Spine Crawler  
  113  7:57  Roach  
  113  8:10  Overseer  
  113  8:13  Hydralisk x5  
  113  8:14  Hydralisk x8  
  113  8:15  Hydralisk  
  113  8:18  Zerg Ground Armor Level 1  
  136  8:35  Hydralisk  
  136  8:36  Hydralisk x4  
  136  8:44  Hydralisk  
  136  8:47  Overlord, Zergling x6  
  137  9:11  Drone x3  
  137  9:12  Drone, Queen  
  143  9:21  Drone x2  
  143  9:23  Drone x4  
  149  9:30  Roach x2  
  149  9:31  Roach x6  
  165  9:41  Overseer  
  165  9:45  Roach  
  167  9:47  Overlord x3  
  167  9:48  Overlord  
  167  9:54  Overlord  
  167  9:58  Extractor  
  166  10:00  Drone x2, Extractor  
  166  10:05  Hive  
  170  10:14  Ravager x6  
  170  10:15  Ravager x3  
  170  10:16  Drone x3  
  170  10:17  Drone x4, Hydralisk  
  170  10:18  Drone, Hydralisk x4  
  194  10:37  Hydralisk x2  
  194  10:39  Zergling x2  
  199  10:57  Overseer  
  199  10:59  Overseer  
  199  11:03  Hatchery  
  198  11:29  Greater Spire  
  192  12:14  Corruptor x2  
  192  12:15  Corruptor x2  
  194  12:47  Corruptor  
  154  13:03  Ravager x3  
  154  13:04  Ravager x3  
  158  13:36  Brood Lord x4  
  119  13:51  Roach x2  
  119  13:52  Roach x14  
  119  13:53  Roach x22  
  119  13:54  Roach x2  
  184  14:04  Roach x4  
  184  14:09  Roach x5  
  197  14:12  Roach  
  189  14:17  Roach x2  
  189  14:20  Roach  
  189  14:22  Brood Lord  
  189  14:23  Roach  
  132  14:32  Roach x5  
  124  14:39  Roach  
  124  14:40  Roach x2  
  124  14:41  Drone  
  124  14:44  Queen  
  113  15:02  Roach  
  113  15:03  Roach x7  
  117  15:16  Corruptor x7  
  131  15:32  Queen  
  133  15:37  Extractor  
  133  15:39  Zergling x2  
  133  15:40  Zergling x22  
  133  15:41  Queen  
  133  15:42  Queen x3  
  152  15:50  Extractor  
  152  15:53  Corruptor x3  
  157  15:57  Roach x2  
  157  15:58  Roach x3  
  157  16:01  Roach  
  169  16:05  Drone x2  
  169  16:06  Drone x2  
  169  16:08  Roach, Queen  
  177  16:13  Brood Lord x4  
  177  16:14  Brood Lord x3  
  178  16:38  Hydralisk x4, Roach x6  
  178  16:39  Hydralisk x4  
  158  16:55  Corruptor x2  
  158  16:58  Zergling x10  
Tags
 
Add a new tag
Caveats
  • Supply blocks, unpowered buildings, or Contaminate may cause inaccurate times.
  • Supply counts are checked every 10 seconds.